 Dungeon Crawl Stone Soup version 0.29-a0-207-gf982a884d8 (console) character file.

Game seed: 16332507746886743765

114 jejorda2 the Shooter (level 4, 0/27 HPs)
             Began as a Deep Elf Hunter on Feb 23, 2022.
             Killed from afar by an orc wizard (5 damage)
             ... with a magic dart
             ... on level 3 of the Dungeon.
             The game lasted 00:04:58 (2167 turns).

jejorda2 the Shooter (Deep Elf Hunter)              Turns: 2167, Time: 00:04:58

Health: 0/27       AC:  3    Str:  9    XL:     4   Next: 66%
Magic:  6/6        EV: 12    Int: 16    God:
Gold:   206        SH:  0    Dex: 17    Spells: 3/3 levels left

rFire   . . .      SeeInvis .   a - +1 shortbow
rCold   . . .      Faith    .   (shield currently unavailable)
rNeg    . . .      Spirit   .   h - +0 leather armour
rPois   .          Reflect  .   (no helmet)
rElec   .          Harm     .   (no cloak)
rCorr   .          Rampage  .   (no gloves)
Will    .....                   (no boots)
Stlth   ++........              (no amulet)
HPRegen 0.09/turn               (no ring)
MPRegen 0.10/turn               (no ring)

@: no status effects
A: no striking features
a: no special abilities


You were on level 3 of the Dungeon.
You visited 1 branch of the dungeon, and saw 3 of its levels.

You collected 206 gold pieces.

Inventory:

Hand Weapons
 a - a +1 shortbow (weapon)
Armour
 h - a +0 leather armour (worn)
Wands
 j - a wand of iceblast (9)
Scrolls
 c - a scroll of amnesia {unknown}
 e - 2 scrolls of teleportation {unknown}
 g - a scroll of fog {unknown}
 i - a scroll of brand weapon {unknown}
 k - 3 scrolls of identify {unknown}
 l - a scroll of magic mapping {unknown}
 m - 2 scrolls of summoning {unknown}
Potions
 b - a potion of invisibility {unknown}
 d - a potion of curing {unknown}
 f - a potion of ambrosia {unknown}
 n - a potion of might {unknown}
 o - a potion of attraction {unknown}


   Skills:
 + Level 2.5 Fighting
 * Level 7.1 Bows
 - Level 1.0 Armour
 - Level 2.4 Dodging
 - Level 1.2 Stealth


You had 3 spell levels left.
You didn't know any spells.
Your spell library was empty.

Dungeon Overview and Level Annotations

Branches:
Dungeon (3/15)

Altars:
Sif Muna


Message History

Shoot: a) +1 shortbow
Press: ? - help, Q - select action, (/) - cycle Shift-Dir - straight line You shoot an arrow.
Something hits you.
Shoot: a) +1 shortbow
Press: ? - help, Q - select action, (/) - cycle Shift-Dir - straight line You shoot an arrow.
Something hits you. Something completely misses you.
Shoot: a) +1 shortbow
Press: ? - help, Q - select action, (/) - cycle Shift-Dir - straight line You shoot an arrow.
Something hits you but does no damage.
Shoot: a) +1 shortbow
Press: ? - help, Q - select action, (/) - cycle Shift-Dir - straight line You shoot an arrow.
You hear some strange, mumbled words.
A magic dart appears from out of thin air!
The magic dart hits you.
Shoot: a) +1 shortbow
Press: ? - help, Q - select action, (/) - cycle Shift-Dir - straight line You shoot an arrow.
Something hits you.
* * * LOW HITPOINT WARNING * * *
Unknown command.
Unknown command.
Shoot: a) +1 shortbow
Press: ? - help, Q - select action, (/) - cycle Shift-Dir - straight line You shoot an arrow.
You hear some strange, mumbled words.
Something tries to affect you, but you resist.
Unknown command.
Shoot: a) +1 shortbow
Press: ? - help, Q - select action, (/) - cycle Shift-Dir - straight line You shoot an arrow.
Something hits you.
* * * LOW HITPOINT WARNING * * *
You hear some strange, mumbled words.
A magic dart appears from out of thin air!
The magic dart hits you.
You die...

......................##
..............#####.###
......J.......# #.#
..............# #.#
.............## #.#
............## #.##
..#...#####.)# #..#
...... ##{# ##.# .....
#@# #.# ..... #..# #.#
.^.. ##.# #.## .#..
#.######..#
##.#...#...##
............##
#####...........#
................#
##..............#


There were no monsters in sight!

Vanquished Creatures
  An orc wizard (D:3)
  3 adders (D:2)
  A worm (D:2)
  4 dart slugs (D:2)
  2 orcs (D:3)
  4 ball pythons
  6 endoplasms
  A giant cockroach (D:1)
  6 goblins
  6 hobgoblins
  6 jackals
  2 kobolds (D:1)
  3 quokkas
  3 bats
  4 frilled lizards
  4 rats
56 creatures vanquished.

Vanquished Creatures (others)
  A fungus (D:3)
  2 plants (D:3)
3 creatures vanquished.

Grand Total: 59 creatures vanquished

Notes
Turn   | Place    | Note
-------+----------+-------------------------------------------
     0 | D:1      | jejorda2 the Deep Elf Hunter began the quest for the Orb.
     0 | D:1      | Reached XP level 1. HP: 12/12 MP: 3/3
   243 | D:1      | Reached XP level 2. HP: 17/17 MP: 4/4
   475 | D:1      | Reached skill level 6 in Bows
   689 | D:1      | Reached XP level 3. HP: 20/21 MP: 5/5
  1106 | D:2      | Found a shimmering blue altar of Sif Muna.
  1350 | D:2      | Reached skill level 1 in Armour
  1482 | D:2      | Reached XP level 4. HP: 10/26 MP: 6/6
  2155 | D:3      | Reached skill level 7 in Bows
  2167 | D:3      | Killed from afar by an orc wizard

Illustrated notes

Levels and vault maps discovered:
D:1:      dpeg_arrival_lava_temple_mockup, layout_basic, minmay_heptomino_h4
D:2:      layout_rooms, basic_altar, minmay_3d_cube
D:3:      layout_rooms, shapermc_ecumenical_altar_mp_ritualfount,
          kennysheep_generic_room_11, uniq_crazy_yiuf_cottage

Skill      XL: |  1  2  3  4 |
---------------+-------------+-----
Bows           | 6 7 |  7.1
Fighting       | 2 |  2.5
Armour         | 1 |  1.0
Dodging        | |  2.4
Stealth        | |  1.2

Action                   |  1- 3 |  4- 6 || total
-------------------------+-------+-------++-------
 Fire: Shortbow          |   113 |    61 ||   174
Armor: Ring mail         |     6 |       ||     6
       Leather armour    |     4 |     8 ||    12
Dodge: Dodged            |    29 |    18 ||    47

Table legend: (Time is in decaauts)
 A = Elapsed time spent in this place.
 B = Non-inter-level travel time spent in this place.
 C = Inter-level travel time spent in this place.
 D = Time resting spent in this place.
 E = Time spent auto-exploring this place.
 F = Levels seen in this place.
 G = Mean time per level.
                   A        B        C        D        E       F      G
               +--------+--------+--------+--------+--------+-----+--------+
         Total |   2211 |   2164 |     47 |     56 |   1752 |   3 |  737.0 |
       Dungeon |   2211 |   2164 |     47 |     56 |   1752 |   3 |  737.0 |
               +--------+--------+--------+--------+--------+-----+--------+

Top non-repeatable levels by time:
     D:1: 1064 daAuts
     D:2: 1013 daAuts
     D:3: 133 daAuts
